 Dungeon Crawl Stone Soup version 0.21.1-1-g345015f (webtiles) character file.

115 Legadrian the Skirmisher (level 5, -1/46 HPs)
             Began as a Hill Orc Fighter on July 3, 2018.
             Was an Initiate of Trog.
             Slain by Sigmund
             ... wielding a +0 scythe
              (5 damage)
             ... on level 3 of the Dungeon.
             The game lasted 00:32:02 (2512 turns).

Legadrian the Skirmisher (Hill Orc Fighter)         Turns: 2512, Time: 00:32:03

Health: -1/46      AC: 13    Str: 20    XL:     5   Next: 0%
Magic:  5/5        EV:  5    Int:  8    God:    Trog [......]
Gold:   104        SH:  9    Dex: 10    Spells: 4/4 levels left

rFire    . . .     SeeInvis .   y - +0 mace (protect)
rCold    + . .     Gourm    .   c - +0 shield
rNeg     . . .     Faith    .   a - +0 chain mail
rPois    .         Spirit   .   o - +0 helmet
rElec    .         Reflect  .   b - +0 cloak
rCorr    .         Harm     .   (no gloves)
MR       .....                  w - +0 pair of boots
Stlth    ..........             (no amulet)
HPRegen  0.15/turn              r - ring of protection from cold
MPRegen  0.09/turn              (no ring)

@: no status effects
A: no striking features
a: Burn Spellbooks, Renounce Religion


You were on level 3 of the Dungeon.
You worshipped Trog.
Trog was noncommittal.
You were not hungry.

You visited 1 branch of the dungeon, and saw 3 of its levels.

You collected 104 gold pieces.

Inventory:

Hand Weapons
 i - a +0 hunting sling
 n - a +1 dagger of draining
 y - a +0 mace of protection (weapon)
Missiles
 e - 149 sling bullets
 j - 141 stones (quivered)
 k - 59 arrows
Armour
 a - a +0 chain mail (worn)
 b - a +0 cloak (worn)
 c - a +0 shield (worn)
 o - a +0 helmet (worn)
 w - a +0 pair of boots (worn)
Jewellery
 r - a ring of protection from cold (left hand)
Wands
 t - a wand of paralysis (12)
Scrolls
 g - a scroll of identify
 q - a scroll of teleportation
 v - 2 scrolls of enchant armour {unknown}
 x - a scroll of remove curse
Potions
 d - 2 potions of might
 l - a potion of brilliance
 s - a potion of invisibility
Comestibles
 f - 5 rations


   Skills:
 + Level 4.3 Fighting
 - Level 1.1 Short Blades
 + Level 2.8 Maces & Flails
 * Level 4.3 Armour
 - Level 0.2 Dodging
 + Level 4.1 Shields


You had 4 spell levels left.
You didn't know any spells.

Dungeon Overview and Level Annotations

Branches:
Dungeon (3/15)

Altars:
Cheibriados
Kikubaaqudgha
Ru
Sif Muna
Trog
Yredelemnul

Annotations:
D:3 Sigmund


Message History

There is an open door here.
You start resting.
You block something's attack. Something hits you but does no damage.
You start resting.
Something hits you but does no damage. Something hits you but does no damage.
As you read the scroll of fear, it crumbles to dust.
You assume a fearsome visage.
Sigmund appears from thin air!
Reactivating autopickup.
Sigmund mumbles some strange words.
Sigmund flickers and vanishes!
Deactivating autopickup; reactivate with Ctrl-A.
Found a potion of brilliance.
You start resting.
A puff of flame appears from out of thin air!
The puff of flame hits you!
You start resting.
Something hits you.
You die...

#....#.####...
#....#....#.#......
.!.................
..................
#...########......
+....$.....##'#... ....###
#.......... #..... .......
#.......#.. ##.... .......
#@......#..###....
.......####...####........
........#.......#.........
........#...#...#........#
........###'#+###....###+#
#..#..{..#.....#..##...
#..#...#{#.#...#.......
#..#...### #...#.......
#..#[..#_#.#...#.......


There were no monsters in sight!

Vanquished Creatures
  A hound (D:3)
  2 adders
  An ooze (D:3)
  A worm (D:2)
  A dart slug (D:2)
  A leopard gecko (D:3)
  5 orcs (D:3)
  A ball python (D:1)
  2 giant cockroaches
  6 goblins
  7 hobgoblins
  4 jackals
  6 kobolds
  3 bats
  3 frilled lizards
  7 rats
51 creatures vanquished.

Notes
Turn   | Place    | Note
-------+----------+-------------------------------------------
     0 | D:1      | Legadrian the Hill Orc Fighter began the quest for the Orb.
     0 | D:1      | Reached XP level 1. HP: 19/19 MP: 1/1
   250 | D:1      | Reached XP level 2. HP: 27/27 MP: 2/2
  1022 | D:2      | Found a faded altar of an unknown god.
  1037 | D:2      | Reached XP level 3. HP: 33/33 MP: 3/3
  1353 | D:2      | Found a bloodstained altar of Trog.
  1815 | D:2      | Became a worshipper of Trog the Wrathful
  1891 | D:3      | Reached XP level 4. HP: 40/40 MP: 4/4
  2068 | D:3      | Reached skill level 1 in Short Blades
  2290 | D:3      | Found a deep blue altar of Sif Muna.
  2290 | D:3      | Found an ancient bone altar of Kikubaaqudgha.
  2290 | D:3      | Found a basalt altar of Yredelemnul.
  2355 | D:3      | Reached XP level 5. HP: 46/46 MP: 5/5
  2385 | D:3      | Found a sacrificial altar of Ru.
  2402 | D:3      | Found a snail-covered altar of Cheibriados.
  2409 | D:3      | Noticed Sigmund
  2492 | D:3      | HP: 1/46 [something (4)]
  2512 | D:3      | Slain by Sigmund

Skill      XL: |  1  2  3  4 |
---------------+-------------+-----
Fighting       | 4 |  4.3
Armour         | 4 |  4.3
Short Blades   | 1 |  1.1
Shields        | 4 |  4.1
Maces & Flails | |  2.8
Dodging        | |  0.2

Action                   |  1- 3 |  4- 6 || total
-------------------------+-------+-------++-------
Melee: Flail             |    59 |       ||    59
       Dagger            |    73 |    57 ||   130
       Mace              |       |    33 ||    33
Evoke: Wand              |       |     4 ||     4
  Use: Scroll            |     5 |     8 ||    13
 Stab: Paralysed         |       |     1 ||     1
  Eat: Chunk             |     3 |     2 ||     5
Armor: Scale mail        |    52 |    15 ||    67
       Chain mail        |       |    36 ||    36
Dodge: Dodged            |    27 |    10 ||    37
Block: Shield            |    57 |    35 ||    92
